 Dungeon Crawl Stone Soup version 0.30.0-20-g3615ddf2f0 (webtiles) character file.

Game seed: 10140846431979723286

197 qw the Chopper (level 5, 0/33 HPs)
             Began as a Gargoyle Fighter on May 29, 2023.
             Slain by Duvessa
             ... wielding a +0 short sword
              (5 damage)
             ... on level 4 of the Dungeon.
             The game lasted 00:01:34 (2466 turns).

qw the Chopper (Gargoyle Fighter)                   Turns: 2466, Time: 00:01:34

Health: 0/33       AC: 12    Str: 21    XL:     5   Next: 75%
Magic:  5/5        EV:  9    Int:  9    God:
Gold:   117        SH:  4    Dex:  9    Spells: 4/4 levels left

rFire   . . .        Y - +1 war axe
rCold   . . .        c - +0 buckler
rNeg    + . .        b - +0 scale mail
rPois   inf          e - +0 helmet
rElec   +            (no cloak)
rCorr   .            (no gloves)
SInv    .            (no boots)
Will    .....        (no amulet) Stlth
                     (no ring)
HPRegen 0.25/turn    (no ring)
MPRegen 0.09/turn

%: no passive effects
@: no status effects
A: sickness immunity, AC +4, negative energy resistance 1, electricity
resistance, torment resistance 1, petrification resistance
a: no special abilities


You were on level 4 of the Dungeon.
You visited 1 branch of the dungeon, and saw 4 of its levels.

You collected 117 gold pieces.


Innate Abilities, Weirdness & Mutations

You are immune to sickness and miasma.
Your stone body is resilient. (AC +4)
You are immune to poison.
You resist negative energy. (rN+)
You are resistant to electric shocks. (rElec)
You are resistant to unholy torment.
You are immune to petrification.


   Skills:
 + Level 3.9 Fighting
 - Level 5.0 Axes
 - Level 3.2 Armour
 - Level 3.2 Shields


You had 4 spell levels left.
You didn't know any spells.
Your spell library was empty.

Inventory:

Hand Weapons
 k - a +1 mace of protection
 Y - a +1 war axe (weapon)
Armour
 b - a +0 scale mail (worn)
 c - a +0 buckler (worn)
 e - a +0 helmet (worn)
Scrolls
 a - 3 scrolls of teleportation
 g - 2 scrolls of identify
Potions
 d - a potion of might
 f - a potion of invisibility {unknown}
 i - a potion of haste
 j - a potion of curing {unknown}
 l - 2 potions of lignification
 n - a potion of mutation {unknown}

Dungeon Overview and Level Annotations

Branches:
Dungeon (4/15)
 Temple: D:4-7

Altars:
Fedhas
The Shining One

Annotations:
D:3 3 runed translucent doors, qw's ghost, weakling GrFi
D:4 Dowan; Duvessa


Message History

The endoplasm quivers.
You hit the giant cockroach. You hit the scorpion but do no damage.
The giant cockroach barely misses you. The scorpion closely misses you.
Duvessa hits you with a +0 short sword.
You closely miss the giant cockroach.
The giant cockroach is moderately wounded.
You hit the scorpion. You slash Duvessa!
The giant cockroach bites you but does no damage.
The scorpion stings you but does no damage.
Duvessa barely misses you. The scorpion completely misses you.
The giant cockroach closely misses you.
You hit the scorpion.
The scorpion is moderately wounded.
You hit Duvessa but do no damage. You barely miss the giant cockroach.
You block the scorpion's attack. The giant cockroach barely misses you.
You block Duvessa's attack.
You hit the scorpion but do no damage.
The scorpion is moderately wounded.
You hit the giant cockroach. You hit Duvessa but do no damage.
You barely miss Dowan. The giant cockroach misses you.
The scorpion closely misses you. You block Duvessa's attack.
Dowan barely misses you.
The giant cockroach bites you but does no damage.
The scorpion stings you but does no damage.
You hit the scorpion but do no damage.
The scorpion is moderately wounded.
You closely miss the giant cockroach. You hit Duvessa. You closely miss Dowan.
Dowan casts a spell at you. The puff of flame hits you!
You block the scorpion's attack. Duvessa hits you but does no damage.
The giant cockroach bites you but does no damage.
You closely miss Duvessa.
Duvessa is moderately wounded.
You barely miss the giant cockroach. You closely miss the scorpion.
You closely miss Dowan.
The giant cockroach bites you but does no damage.
The scorpion stings you. Dowan hits you with a +0 dagger.
Duvessa hits you but does no damage. The giant cockroach barely misses you.
The scorpion closely misses you. Duvessa hits you with a +0 short sword.
You die...

######### #.......#
################.......#
%.......................
################.......#
#.......# #.......#
#####.......#
#....@e.....#
.....#Bse.....# ..##
#.J^...### ...###..#
....# .... .$..## ...
.##.. .# .. ..$


You could see Duvessa, Dowan, a scorpion, an endoplasm and a giant cockroach.

Vanquished Creatures
  An iguana (D:4)
  An orc wizard (D:3)
  5 adders
  A white imp (D:3)
  A dart slug (D:1)
  4 orcs (D:3)
  5 endoplasms
  5 giant cockroaches
  9 goblins
  5 hobgoblins
  9 jackals
  4 quokkas
  6 ball pythons
  8 bats
  3 frilled lizards
  2 goblin skeletons (D:3)
  2 goblin zombies (D:3)
  3 hobgoblin zombies (D:3)
  4 kobolds
  2 kobold zombies (D:3)
  2 orc skeletons (D:3)
  2 orc zombies (D:3)
  7 rats
91 creatures vanquished.

Notes
Turn   | Place    | Note
-------+----------+-------------------------------------------
     0 | D:1      | qw the Gargoyle Fighter began the quest for the Orb.
     0 | D:1      | Reached XP level 1. HP: 14/14 MP: 1/1
     0 | D:1      | 0 ||| qw: Version: 0.2-a-101-gf424e7f
     0 | D:1      | 0 ||| qw: Game counter: 330
     0 | D:1      | 0 ||| qw: Always use a shield: true
     0 | D:1      | 0 ||| qw: God list: Okawaru
     0 | D:1      | 0 ||| qw: Allow faded altars: false
     0 | D:1      | 0 ||| qw: Do Orc after D:15 true
     0 | D:1      | 0 ||| qw: Do second Lair branch before Depths: true
     0 | D:1      | 0 ||| qw: Lair rune preference: random
     0 | D:1      | 0 ||| qw: Plans: Normal, Zot:1-4, Slime:5, God:TSO, Crypt,
                  | Tomb, Pan, Hells, Abyss, Win
     0 | D:1      | 0 ||| PLANNING D:1-11
    31 | D:1      | Reached skill level 2 in Axes
    67 | D:1      | 67 ||| Stepping ~*~*~tactically~*~*~ (stealth).
    68 | D:1      | 68 ||| Stepping ~*~*~tactically~*~*~ (stealth).
   185 | D:1      | Reached XP level 2. HP: 19/19 MP: 2/2
   194 | D:1      | 194 ||| Stepping ~*~*~tactically~*~*~ (stealth).
   314 | D:1      | Reached skill level 3 in Axes
   351 | D:1      | Reached XP level 3. HP: 23/23 MP: 3/3
   809 | D:1      | 809 ||| DROPPING ring of wizardry.
   810 | D:1      | 810 ||| READING 3 scrolls labelled ZERHYCE POHIKY.
   813 | D:1      | 813 ||| READING scroll labelled AXOTYO ULICOI.
   814 | D:1      | 814 ||| READING 2 scrolls labelled QUKHOR CUOJE.
   815 | D:1      | 815 ||| READING scroll labelled POCANIE FUGI.
   816 | D:1      | 816 ||| READING scroll labelled UZOKHI LUUJ.
   832 | D:1      | 832 ||| DRINKING 2 sapphire potions.
   868 | D:1      | 868 ||| DROPPING scroll of immolation.
  1074 | D:2      | Reached XP level 4. HP: 28/28 MP: 4/4
  1245 | D:2      | 1245 ||| DROPPING +0 club.
  1417 | D:2      | Reached skill level 4 in Axes
  1558 | D:2      | 1558 ||| UPGRADING to +0 helmet.
  1563 | D:2      | 1563 ||| READING scroll labelled CUNLIR FEMPAIH.
  1564 | D:2      | 1564 ||| READING 2 scrolls labelled WELITI LESUP.
  1565 | D:2      | 1565 ||| DRINKING 2 murky clear potions.
  1646 | D:3      | 1646 ||| STAIRDANCE
  1706 | D:3      | Noticed qw's ghost (weakling GrFi)
  1828 | D:3      | 1828 ||| Stepping ~*~*~tactically~*~*~ (stealth).
  1881 | D:3      | Found a glowing golden altar of the Shining One.
  1976 | D:3      | 1976 ||| Stepping ~*~*~tactically~*~*~ (hiding).
  1978 | D:3      | 1978 ||| Stepping ~*~*~tactically~*~*~ (hiding).
  1983 | D:3      | Reached XP level 5. HP: 28/32 MP: 5/5
  1997 | D:3      | 1997 ||| DROPPING +0 whip.
  2024 | D:3      | 2024 ||| Stepping ~*~*~tactically~*~*~ (stealth).
  2028 | D:3      | 2028 ||| Stepping ~*~*~tactically~*~*~ (stealth).
  2060 | D:3      | Found a runed translucent gate.
  2062 | D:3      | Found a runed translucent gate.
  2063 | D:3      | Found a runed translucent gate.
  2085 | D:3      | Reached skill level 5 in Axes
  2230 | D:3      | 2230 ||| READING scroll labelled VEEVAWOCLURCH.
  2254 | D:4      | Found a blossoming altar of Fedhas.
  2289 | D:4      | 2289 ||| Stepping ~*~*~tactically~*~*~ (stealth).
  2454 | D:4      | Noticed Duvessa
  2459 | D:4      | Noticed Dowan
  2466 | D:4      | HP: 5/33 [Dowan/+0 dagger (6)]
  2466 | D:4      | Slain by Duvessa

Levels and vault maps discovered:
D:1:      arrival_zaba_pyramid, layout_basic
D:2:      layout_basic, nicolae_elevator_lobby_plus
D:3:      layout_basic, nicolae_tso_besieged_by_evil, gammafunk_ghost_split,
          chequers_serial_rivers_small_3
D:4:      layout_basic, mainiacjoe_overflow_tiny_flanked, minmay_ruptured,
          uniq_duvessa

Skill      XL: |  1  2  3  4  5 |
---------------+----------------+-----
Axes           | 2 3 4 5 |  5.0
Fighting       | |  3.9
Armour         | |  3.2
Shields        | |  3.2

Action                     |  1- 3 |  4- 6 || total
---------------------------+-------+-------++-------
  Melee: War axe           |    90 |   157 ||   247
    Use: Scroll            |     5 |     3 ||     8
         Potion            |     1 |     1 ||     2
 Armour: Scale mail        |    52 |    89 ||   141
  Dodge: Dodged            |    44 |    69 ||   113
  Block: Buckler           |    17 |    24 ||    41

Table legend:
 A = Non-vault XP
 B = Vault XP
 C = Vault XP percentage of total XP
 D = Non-vault monster count
 E = Vault monster count
 F = Vault count percentage of total count
                 A         B        C        D         E       F
            +---------+---------+-------+---------+---------+-------
      Total |     259 |      23 |   8.2 |      77 |      14 |  15.4
            +---------+---------+-------+---------+---------+-------
        D:1 |      50 |       0 |   0.0 |      28 |       0 |   0.0
        D:2 |      62 |       0 |   0.0 |      17 |       0 |   0.0
        D:3 |     107 |      23 |  17.7 |      28 |      14 |  33.3
        D:4 |      40 |       0 |   0.0 |       4 |       0 |   0.0
            +---------+---------+-------+---------+---------+-------
